 Dungeon Crawl Stone Soup version 0.18.1-50-g88ac8fd (webtiles) character file.

20190 Gargoyl the Corrupter of Planes (level 12, -4/96 HPs)
             Began as a Demonspawn Abyssal Knight on Oct 26, 2016.
             Was the Champion of Lugonu.
             Slain by a freezing wraith (9 damage)
             ... in an ice cave.
             The game lasted 00:34:16 (18455 turns).

Gargoyl the Corrupter of Planes (DsAK)             Turns: 18455, Time: 00:34:16

Health: -4/96      AC: 26    Str: 18    XL:     12   Next: 43%
Magic:  20/20      EV: 12    Int: 16    God:    Lugonu [******]
Gold:   777        SH:  5    Dex: 15    Spells: 0 memorised, 11 levels left

rFire  . . .     SeeInvis +     m - +3 broad axe
rCold  . . .     Gourm    .     P - +0 plate armour
rNeg   + . .     Faith    .     i - +0 buckler
rPois  +         Spirit   .     t - +2 helmet
rElec  .         Dismiss  .     Q - +2 cloak {rPois}
rCorr  .         Reflect  .     v - +0 pair of gloves
SustAt .         Harm     .     x - +2 pair of boots
MR     .....     Clarity  +     O - amulet of rage
Stlth  ..........               R - ring "Uphepid" {rPois Dex+3}
                                D - ring of see invisible

@: not resistant to hostile enchantments, extremely unstealthy
A: hooves 1, repulsion field 2, blurry vision 1, clarity, clever 1, demonic
guardian 2, negative energy resistance 1, nightstalker 1, sense surroundings 1
a: Depart the Abyss, Bend Space, Banish, Corrupt, Enter the Abyss, Brand Weapon
With Distortion, Renounce Religion, Evoke Berserk Rage


You were in an ice cave.
You worshipped Lugonu.
Lugonu was exalted by your worship.
You were very hungry.

You visited 2 branches of the dungeon, and saw 14 of its levels.
You visited the Abyss 1 time.
You also visited: Ossuary and Ice Cave.

You collected 1150 gold pieces.
You spent 373 gold pieces at shops.

Inventory:

Hand Weapons
 m - a +3 broad axe (weapon)
 r - the +4 flail of the Old World {venom, MP+9}
   (You found it on level 7 of the Dungeon)

   It poisons the flesh of those it strikes.
   It affects your magic capacity (+9).
 A - a +0 broad axe
 J - a +3 trident
 V - a +0 hand axe of flaming
Missiles
 g - 18 tomahawks (quivered)
Armour
 i - a +0 buckler (worn)
 t - a +2 helmet (worn)
 v - a +0 pair of gloves (worn)
 x - a +2 pair of boots (worn)
 P - a +0 plate armour (worn)
 Q - a +2 cloak of poison resistance (worn)
Jewellery
 D - a ring of see invisible (left hand)
 G - an uncursed ring of protection from fire
 O - an amulet of rage (around neck)
 R - the ring "Uphepid" (right hand) {rPois Dex+3}
   (You bought it in a shop on level 6 of the Dungeon)

   [ring of dexterity]

   It affects your dexterity (+3).
   It protects you from poison.
Wands
 d - a wand of digging (18/24)
 k - a wand of polymorph (11/24)
 y - a wand of disintegration (21/24)
 H - a wand of lightning (5/15)
 Z - a wand of disintegration (9/24)
Scrolls
 a - 2 scrolls of recharging
 f - 7 scrolls of identify
 h - 3 scrolls of teleportation
 o - a scroll of fear
 I - 3 scrolls of fog
 X - 3 scrolls of remove curse
Potions
 b - 5 potions of flight
 n - 2 potions of agility
 p - 13 potions of curing
 z - a potion of might
 C - a potion of invisibility
 E - 2 potions of brilliance
 M - a potion of berserk rage
Books
 s - a book of the Earth

   Spells                             Type                      Level
   a - Leda's Liquefaction            Hexes/Earth                  4
   b - Bolt of Magma                  Conjuration/Fire/Earth       5
   c - Statue Form                    Transmutation/Earth          6
   d - Iron Shot                      Conjuration/Earth            6
   e - Shatter                        Earth                        9
 F - a book of Geomancy

   Spells                             Type                      Level
   a - Sandblast                      Earth                        1
   b - Passwall                       Transmutation/Earth          2
   c - Stone Arrow                    Conjuration/Earth            3
   d - Petrify                        Transmutation/Earth          4
   e - Lee's Rapid Deconstruction     Earth                        5
Miscellaneous
 e - a box of beasts
Comestibles
 c - 15 bread rations
 j - 3 meat rations
 l - 3 beef jerkies
 q - a fruit
 T - 3 slices of pizza


   Skills:
 + Level 9.5 Fighting
 + Level 9.0 Axes
 + Level 1.0 Throwing
 * Level 10.4 Armour
 + Level 5.9 Dodging
 + Level 4.8 Shields
 * Level 11.1 Invocations


You had 11 spell levels left.
You didn't know any spells.

Dungeon Overview and Level Annotations

Branches:
Dungeon (12/15)            Temple (0/1) D:6            Lair (2/8) D:11
    Orc (0/2) D:10

Altars:
Ashenzari
Dithmenos
Elyvilon
Fedhas
Gozag
Kikubaaqudgha
Nemelex Xobeh
Pakellas
Sif Muna
Trog
Xom
The Shining One

Shops:
D:4 (   D:6 =


Innate Abilities, Weirdness & Mutations

You have large cloven feet.
You are surrounded by a moderate repulsion field (EV +3).
A demonic guardian rushes to your aid.
You resist negative energy.
You are slightly more attuned to the shadows.
Scrolls take you a little longer to read.
You possess an exceptional clarity of mind.
Your mind is acute. (Int +2)
You passively map a small area around you.


Message History

The freezing wraith barely misses you.
You barely miss the freezing wraith.
The freezing wraith is almost destroyed.
You hit the freezing wraith but do no damage.
The freezing wraith is lightly damaged.
The freezing wraith hits you but does no damage.
The freezing wraith closely misses you. The freezing wraith barely misses you.
The freezing wraith closely misses you.
The freezing wraith hits you but does no damage. x2
You hit the freezing wraith but do no damage.
The freezing wraith is almost destroyed.
You hit the freezing wraith.
The freezing wraith is lightly damaged.
The freezing wraith hits you!
* * * LOW HITPOINT WARNING * * *
The freezing wraith freezes you!
* * * LOW HITPOINT WARNING * * *
The freezing wraith hits you but does no damage.
The freezing wraith hits you!
You die...

,
##...###.##
, * *
######..#
#., ##..##
,* #.. *
##...# #..*
##...## #.#
##...## ,
#..##...##
* #.W#..##*
,* #.W@..#
* *
≈##...## ≈
* ≈≈#####*
* * * ≈ ≈ *
, , * ≈≈ ,
, *≈ , , *
,, * ,


You could see 2 freezing wraiths.

Vanquished Creatures
  A centaur warrior (D:11)
  A hill giant (D:12)
  An ugly thing (D:11)
  A cyclops (D:11)
  Maurice (D:8)
  A gargoyle (D:12)
  A freezing wraith (IceCv)
  A troll (D:11)
  A two-headed ogre (D:10)
  The ghost of Autumn the Shield-Bearer, an amateur FoFi (D:4)
  A blink frog (Lair:1)
  A spriggan (D:7)
  A wraith (D:11)
  8 yaks
  Grum (D:11)
  A hungry ghost (D:8)
  A death yak simulacrum (IceCv)
  6 hippogriffs
  2 mottled dragons
  A soldier ant (D:10)
  4 water moccasins (Lair:1)
  4 porcupines
  3 sky beasts
  3 black bears
  4 orc warriors
  6 phantoms
  2 ice beasts
  3 ogres
  3 centaurs
  4 wolves (D:11)
  5 crocodiles
  A big kobold (D:9)
  7 giant frogs
  6 scorpions
  An elephant simulacrum (IceCv)
  2 killer bees (D:12)
  3 wights (D:7)
  A howler monkey (D:6)
  5 crimson imps
  A giant frog zombie (D:6)
  8 hounds
  5 jellies
  A centaur skeleton (D:5)
  2 giant frog skeletons
  11 orc priests
  6 orc wizards
  7 iguanas
  13 worker ants
  Natasha (D:3)
  2 hell rats (Lair:1)
  A polar bear simulacrum (IceCv)
  3 sheep (D:11)
  A wolf simulacrum (IceCv)
  A big kobold zombie (Ossuary)
  A hound zombie (D:5)
  2 hound skeletons (D:8)
  8 mummies (Ossuary)
  7 gnolls (D:6)
  13 adders
  A howler monkey skeleton (D:4)
  15 river rats (Lair:1)
  3 shadow imps
  14 white imps
  2 oozes (D:1)
  2 adder zombies (D:5)
  An adder skeleton (D:4)
  2 dart slugs
  7 giant geckos
  69 orcs
  9 bats
  7 giant cockroaches
  4 goblins
  12 hobgoblins
  6 jackals
  3 quokkas
  2 ball pythons
  9 giant newts
  2 gnoll zombies (Ossuary)
  A hobgoblin zombie (Ossuary)
  11 kobolds
  4 kobold zombies (Ossuary)
  A quokka skeleton (D:4)
  A quokka zombie (D:5)
  6 rats
388 creatures vanquished.

Vanquished Creatures (collateral kills)
  The ghost of SaintRoka the Warrior, a journeyman OgBe of Trog (D:12)
  A hydra (D:11)
  The ghost of Autumn the Cleaver, a journeyman FoFi of Okawaru (D:12)
  Erolcha (D:8)
  An unseen horror (D:8)
  A hill giant (D:11)
  An ugly thing (D:11)
  A wolf spider zombie (D:12)
  A gargoyle (D:12)
  A freezing wraith (IceCv)
  A two-headed ogre (D:10)
  Prince Ribbit (D:7)
  3 blink frogs (Lair:1)
  Sigmund (D:3)
  Eustachio (D:6)
  2 basilisks (Lair:1)
  23 yaks
  A hippogriff (D:11)
  A hungry ghost (D:8)
  A wasp (D:12)
  An orc warrior (D:10)
  An eye of draining (D:12)
  4 ice beasts (IceCv)
  An ogre (D:5)
  2 centaurs
  Blork the orc (D:6)
  A giant frog (D:10)
  A scorpion (D:9)
  3 killer bees (D:12)
  2 wights (D:7)
  An orc priest (D:8)
  2 orc wizards (D:10)
  Natasha (D:3)
  A hell rat (D:11)
  3 sheep (D:11)
  2 adders
  2 river rats (D:11)
  3 white imps (IceCv)
  7 orcs
  A quokka (D:10)
85 creatures vanquished.

Vanquished Creatures (others)
  2 hungry ghosts
  2 jellies (D:6)
4 creatures vanquished.

Grand Total: 477 creatures vanquished

Notes
Turn   | Place    | Note
--------------------------------------------------------------
     0 | Abyss:1  | Gargoyl the Demonspawn Abyssal Knight began the quest for the Orb.
     0 | Abyss:1  | Reached XP level 1. HP: 18/18 MP: 2/2
    68 | Abyss:2  | Found a corrupted altar of Lugonu.
    81 | Abyss:2  | Noticed a great orb of eyes
    82 | D:1      | Escaped the Abyss
   262 | D:1      | Gained mutation: A weak demonic guardian rushes to your aid. [demonic ancestry]
   262 | D:1      | Reached XP level 2. HP: 22/24 MP: 3/3
   802 | D:1      | Reached * piety under Lugonu
  1081 | D:1      | Reached XP level 3. HP: 19/29 MP: 5/5
  1441 | D:2      | Found a blossoming altar of Fedhas.
  1597 | D:2      | Reached skill level 1 in Dodging
  2493 | D:2      | Found an ancient bone altar of Kikubaaqudgha.
  2493 | D:2      | Noticed a human
  2625 | D:3      | Noticed Natasha
  2631 | D:3      | Killed Natasha
  2631 | D:3      | Reached XP level 4. HP: 24/37 MP: 6/6
  2921 | D:3      | Reached ** piety under Lugonu
  2968 | D:3      | Reached skill level 3 in Invocations
  3179 | D:3      | Noticed Natasha
  3194 | D:3      | Killed Natasha
  3515 | D:3      | Found a white marble altar of Elyvilon.
  3526 | D:3      | Noticed Sigmund
  3537 | D:3      | Killed Sigmund
  3537 | D:3      | Gained mutation: You are surrounded by a mild repulsion field (EV +2). [demonic ancestry]
  3537 | D:3      | Reached XP level 5. HP: 34/42 MP: 7/7
  3710 | D:4      | Found a sparkling altar of Nemelex Xobeh.
  3713 | D:4      | Noticed a phantom
  3741 | D:4      | Found Riohor's Antique Weapon Emporium.
  3755 | D:4      | Noticed Autumn's ghost (amateur FoFi)
  3759 | D:4      | Reached skill level 1 in Shields
  3787 | D:4      | Killed Autumn's ghost
  3787 | D:4      | Reached skill level 4 in Invocations
  3787 | D:4      | Gained mutation: You are slightly more attuned to the shadows. [demonic ancestry]
  3787 | D:4      | Reached XP level 6. HP: 48/48 MP: 7/9
  3807 | D:4      | Bought a broad axe for 104 gold pieces
  4215 | D:4      | Gained mutation: A demonic guardian rushes to your aid. [demonic ancestry]
  4215 | D:4      | Reached XP level 7. HP: 45/54 MP: 10/10
  4328 | D:5      | Entered Level 5 of the Dungeon
  4503 | D:5      | Found a bloodstained altar of Trog.
  4504 | D:5      | Found a shadowy altar of Dithmenos.
  4512 | D:5      | Reached skill level 5 in Invocations
  4931 | D:5      | Reached XP level 8. HP: 48/61 MP: 12/12
  5096 | D:5      | Reached *** piety under Lugonu
  5100 | D:5      | Reached skill level 5 in Fighting
  5226 | D:6      | Noticed Eustachio
  5229 | D:6      | Noticed Blork the orc
  5233 | D:6      | Killed Eustachio
  5234 | D:6      | Killed Blork the orc
  5241 | D:6      | Reached skill level 5 in Armour
  5245 | D:6      | Found Liothill's Jewellery Shoppe.
  5420 | D:6      | Reached skill level 6 in Invocations
  6259 | D:6      | Found a shattered altar of Ashenzari.
  6313 | D:6      | Found a shimmering altar of Xom.
  6323 | D:6      | Found a staircase to the Ecumenical Temple.
  6948 | D:7      | Gained mutation: You have large cloven feet. [demonic ancestry]
  6948 | D:7      | Reached XP level 9. HP: 62/68 MP: 14/14
  7062 | D:7      | Reached **** piety under Lugonu
  7518 | D:7      | Reached skill level 7 in Invocations
  7638 | D:7      | Got an encrusted flail
  7639 | D:7      | Identified the +4 flail of the Old World {venom, MP+9} (You found it on level 7 of the Dungeon)
  7724 | D:7      | Noticed Prince Ribbit
  7730 | D:7      | Killed Prince Ribbit
  7769 | D:7      | Reached skill level 5 in Dodging
  7860 | D:7      | Gained mutation: You are weak. (Str -2) [mutagenic meat]
  7861 | D:7      | Gained mutation: Scrolls take you a little longer to read. [mutagenic meat]
  7862 | D:7      | Gained mutation: You expend magic power (3 MP) to strengthen your wands. [mutagenic meat]
  7863 | D:7      | Gained mutation: You are agile. (Dex +2) [mutagenic meat]
  7864 | D:7      | Gained mutation: You are occasionally teleported next to monsters. [mutagenic meat]
  7865 | D:7      | Lost mutation: Scrolls take you a little longer to read. [potion of cure mutation]
  7865 | D:7      | Lost mutation: You expend magic power (3 MP) to strengthen your wands. [potion of cure mutation]
  7865 | D:7      | Lost mutation: You are weak. (Str -2) [potion of cure mutation]
  7865 | D:7      | Lost mutation: You are agile. (Dex +2) [potion of cure mutation]
  7866 | D:7      | Lost mutation: You are occasionally teleported next to monsters. [potion of cure mutation]
  8076 | D:8      | Noticed Erolcha
  8084 | D:8      | Killed Erolcha
  8084 | D:8      | Reached skill level 5 in Axes
  8084 | D:8      | Reached skill level 8 in Invocations
  8146 | D:8      | Found a sand-covered staircase.
  8167 | Ossuary  | Entered an ossuary
  8685 | D:8      | Found an oddly glowing altar of Pakellas.
  9026 | D:8      | Reached ***** piety under Lugonu
  9101 | D:8      | Gained mutation: You are surrounded by a moderate repulsion field (EV +3). [demonic ancestry]
  9101 | D:8      | Reached XP level 10. HP: 74/77 MP: 16/16
  9102 | D:8      | Noticed an unseen horror
  9114 | D:8      | Killed an unseen horror
  9242 | D:8      | Found a glowing golden altar of the Shining One.
  9742 | D:8      | Noticed Maurice
  9821 | D:8      | Killed Maurice
  9907 | D:6      | Bought the ring "Uphepid" {rPois Dex+3} for 269 gold pieces
 10254 | D:9      | Reached skill level 1 in Throwing
 10272 | D:9      | Gained mutation: Your magical capacity is low (-10% MP). [mutagenic meat]
 10273 | D:9      | Gained mutation: Your muscles are strong. (Str +2) [mutagenic meat]
 10274 | D:9      | Gained mutation: You expend magic power (3 MP) to strengthen your wands. [mutagenic meat]
 10275 | D:9      | Gained mutation: You passively map a small area around you. [mutagenic meat]
 10276 | D:9      | Gained mutation: You possess an exceptional clarity of mind. [mutagenic meat]
 10823 | D:9      | Found a deep blue altar of Sif Muna.
 11660 | D:10     | Entered Level 10 of the Dungeon
 11668 | D:10     | Found an opulent altar of Gozag.
 11715 | D:10     | Reached skill level 9 in Invocations
 11849 | D:10     | Found a staircase to the Orcish Mines.
 12169 | D:10     | Reached ****** piety under Lugonu
 12358 | D:10     | Reached XP level 11. HP: 80/86 MP: 16/16
 12955 | D:10     | Gained mutation: Your spells are a little harder to cast, but a little more powerful. [potion of beneficial mutation]
 12958 | D:10     | Gained mutation: You occasionally shout uncontrollably at your foes. [potion of mutation]
 12958 | D:10     | Gained mutation: Scrolls take you a little longer to read. [potion of mutation]
 12973 | D:10     | Lost mutation: Your magical capacity is low (-10% MP). [potion of cure mutation]
 12973 | D:10     | Lost mutation: Scrolls take you a little longer to read. [potion of cure mutation]
 12973 | D:10     | Lost mutation: Your muscles are strong. (Str +2) [potion of cure mutation]
 12973 | D:10     | Lost mutation: You expend magic power (3 MP) to strengthen your wands. [potion of cure mutation]
 12973 | D:10     | Lost mutation: Your spells are a little harder to cast, but a little more powerful. [potion of cure mutation]
 12973 | D:10     | Lost mutation: You occasionally shout uncontrollably at your foes. [potion of cure mutation]
 13144 | D:11     | Noticed a green ugly thing
 13147 | D:11     | Noticed a six-headed hydra
 13150 | D:11     | Killed a green ugly thing
 13155 | D:11     | Killed a six-headed hydra
 13929 | D:11     | Found a staircase to the Lair.
 13935 | D:11     | Noticed Grum
 13946 | D:11     | Killed Grum
 14724 | D:11     | Noticed a purple ugly thing
 14734 | D:11     | Killed a purple ugly thing
 14740 | D:11     | Gained mutation: Your mind is acute. (Int +2) [mutagenic meat]
 14741 | D:11     | Gained mutation: Scrolls take you a little longer to read. [mutagenic meat]
 14819 | D:12     | Noticed SaintRoka's ghost (journeyman OgBe)
 14828 | D:12     | Killed SaintRoka's ghost
 14828 | D:12     | Reached skill level 10 in Invocations
 15149 | D:12     | Noticed Autumn's ghost (journeyman FoFi)
 15191 | D:12     | Killed Autumn's ghost
 15691 | D:12     | Noticed a hill giant
 15696 | D:12     | Killed a hill giant
 16248 | D:11     | Noticed a centaur warrior
 16264 | D:11     | Killed a centaur warrior
 16264 | D:11     | Gained mutation: You resist negative energy. [demonic ancestry]
 16264 | D:11     | Reached XP level 12. HP: 51/95 MP: 19/19
 16442 | Lair:1   | Entered Level 1 of the Lair of Beasts
 16445 | Lair:1   | Reached skill level 10 in Armour
 17800 | Lair:2   | Found a frozen archway.
 17804 | Lair:2   | Reached skill level 11 in Invocations
 17824 | IceCv    | Entered an ice cave
 18455 | IceCv    | Slain by a freezing wraith

Skill      XL: |  1  2  3  4  5  6  7  8  9 10 11 12 |
---------------+-------------------------------------+-----
Axes           | 2 3 4 5 6 8 9 |  9.0
Armour         | 2 3 4 6 8 9 10 | 10.4
Dodging        | 1 2 3 4 5 |  5.9
Invocations    | 3 4 5 6 8 9 10 11 | 11.1
Fighting       | 4 5 6 7 9 |  9.5
Shields        | 1 2 3 4 |  4.8
Throwing       | 1 |  1.0

Action                   |  1- 3 |  4- 6 |  7- 9 | 10-12 || total
-------------------------+-------+-------+-------+-------++-------
Melee: Hand axe          |   130 |   113 |       |       ||   243
       Broad axe         |       |    49 |   530 |   789 ||  1368
 Fire: Blowgun           |       |     6 |       |       ||     6
Throw: Tomahawk          |       |       |       |     4 ||     4
Invok: Depart the Abyss  |     1 |       |       |       ||     1
       Banish            |       |       |     2 |     2 ||     4
 Abil: Evoke Berserk Rag |       |       |       |     1 ||     1
  Use: Potion            |       |     6 |     3 |    12 ||    21
       Scroll            |       |       |    22 |     9 ||    31
 Stab: Sleeping          |     1 |       |       |       ||     1
       Distracted        |       |     1 |       |     2 ||     3
  Eat: Chunk             |     4 |     7 |    20 |    34 ||    65
       Bread ration      |       |       |     1 |     1 ||     2
       Meat ration       |       |       |       |     4 ||     4
Armor: Leather armour    |    33 |       |       |       ||    33
       Ring mail         |    17 |    81 |       |       ||    98
       Skin              |       |    10 |       |       ||    10
       Scale mail        |       |       |   302 |       ||   302
       Plate armour      |       |       |    28 |   659 ||   687
Dodge: Dodged            |    65 |    82 |   454 |   520 ||  1121
Block: Buckler           |    15 |    20 |   129 |   267 ||   431
